[Event "*** Titled Tuesday 3|2 Blitz"]
[Site "Chess.com"]
[Date "2015.02.24"]
[Round "1"]
[White "Konavets"]
[Black "190l"]
[Result "1-0"]
[WhiteElo "2357"]
[BlackElo "1968"]
[TimeControl "180+2"]
[EndTime "11:03:22 PST"]
[Termination "Konavets won by resignation"]

1. e4 c5 2. Nc3 Nc6 3. Nf3 g6 4. d4 cxd4 5. Nxd4 Bg7 6. Be3 Nf6 7. Nxc6 dxc6 8. Qxd8+ Kxd8 9. O-O-O+ Ke8 10. f3 e5 11. Bc4 b6 12. Rd2 Ke7 13. Rhd1 Bb7 14. f4 Rhd8 15. fxe5 Ng4 16. Bg5+ f6 17. exf6+ Bxf6 18. Bxf6+ Nxf6 19. e5 Ng4 20. Rd6 Nxe5 21. Re6+ Kf8 22. Rxe5 1-0

[Event "*** Titled Tuesday 3|2 Blitz"]
[Site "Chess.com"]
[Date "2015.02.24"]
[Round "1"]
[White "monika84"]
[Black "9ShMat2"]
[Result "0-1"]
[WhiteElo "2050"]
[BlackElo "2434"]
[TimeControl "180+2"]
[EndTime "11:03:31 PST"]
[Termination "9ShMat2 won by resignation"]

1. e4 c5 2. Nf3 e6 3. d4 cxd4 4. Nxd4 Bc5 5. Nb3 Bb6 6. Nc3 Ne7 7. Be2 O-O 8. O-O Nbc6 9. Kh1 f5 10. Bf3 fxe4 11. Nxe4 d5 12. Nec5 Qd6 13. Be3 Nf5 14. Qd2 Nxe3 15. Qxe3 Ne5 16. Be2 Nc4 17. Qc3 Bxc5 18.
Nxc5 Qxc5 19. b3 Qa5 0-1

[Event "*** Titled Tuesday 3|2 Blitz"]
[Site "Chess.com"]
[Date "2015.02.24"]
[Round "1"]
[White "AndreyOstrovskiy"]
[Black "ilmago"]
[Result "1-0"]
[WhiteElo "2341"]
[BlackElo "1877"]
[TimeControl "180+2"]
[EndTime "11:03:50 PST"]
[Termination "AndreyOstrovskiy won by resignation"]

1. e4 c5 2. Nf3 d6 3. d4 cxd4 4. Nxd4 Nf6 5. Nc3 e6 6. Bc4 Be7 7. O-O O-O 8. Be3 a6 9. a4 Nc6 10. Kh1 Bd7 11. Qe2 Rc8 12. Rad1 Qc7 13. Bb3 Na5 14.
Ba2 Rfd8 15. f4 Nc4 16. Bc1 Be8 17. f5 Bd7 18. g4 Re8 19. g5 Nxe4 20. Qxe4 exf5 21.
Qg2 d5 22. Nxd5 Qe5 23. Rfe1 Qd6 24. Bf4 Qc5 25. Bxc4 Qxc4 26. Nxe7+ Rxe7 27. Rxe7 Bc6 28. Nxc6 Qxf4 29. Nd8 1-0

[Event "*** Titled Tuesday 3|2 Blitz"]
[Site "Chess.com"]
[Date "2015.02.24"]
[Round "1"]
[White "DoctorMove"]
[Black "1stSecond"]
[Result "0-1"]
[WhiteElo "1750"]
[BlackElo "2345"]
[TimeControl "180+2"]
[EndTime "11:04:06 PST"]
[Termination "1stSecond won by checkmate"]

1. e4 c5 2. Nf3 e6 3. c3 Nf6 4. e5 Nd5 5. d4 cxd4 6. cxd4 b6 7.
Be2 Bb7 8. O-O Be7 9. a3 O-O 10. Re1 f5 11. exf6 Nxf6 12. Nc3 Na6 13. Bg5 Nc7 14. Bd3 Ncd5 15. Nxd5 Nxd5 16. Bxe7 Qxe7 17. Be4 Rf4 18. Qd3 g6 19. g3 Rf6 20. Ne5 Raf8 21. Ng4 R6f7 22. Nh6+ Kg7 23. Nxf7 Qxf7 24. Bg2 Qxf2+ 25.
Kh1 Qxg2+ 26. Kxg2 Nf4+ 27. Kg1 Nh3# 0-1

[Event "*** Titled Tuesday 3|2 Blitz"]
[Site "Chess.com"]
[Date "2015.02.24"]
[Round "1"]
[White "zmaj23"]
[Black "megarompa"]
[Result "1/2-1/2"]
[WhiteElo "2311"]
[BlackElo "2665"]
[TimeControl "180+2"]
[EndTime "11:04:16 PST"]
[Termination "Game drawn by agreement"]

1. e4 e5 2. Nc3 Nc6 3. Bc4 g6 4. d3 Bg7 5. f4 d6 6. Nf3 Nf6 7. O-O O-O 8. Qe1 Nd4 9. Nxd4 exd4 10. Nd5 Nxd5 11. Bxd5 c6 12. Bb3 a5 13. a4 d5 14. f5 dxe4 15. fxg6 hxg6 16. Qxe4 Bf5 17. Rxf5 gxf5 18. Qxf5 Qf6 19. Qh5 Rae8 20. Bg5 Re5 21.
h4 b5 22. Rf1 Rf5 1/2-1/2

[Event "*** Titled Tuesday 3|2 Blitz"]
[Site "Chess.com"]
[Date "2015.02.24"]
[Round "1"]
[White "Tomsel"]
[Black "exoticprincess"]
[Result "0-1"]
[WhiteElo "2302"]
[BlackElo "2770"]
[TimeControl "180+2"]
[EndTime "11:05:28 PST"]
[Termination "exoticprincess won by resignation"]

1. b3 a5 2. a4 b6 3. Bb2 Bb7 4. e3 e6 5. Nf3 Nc6 6. Be2 Nf6 7. c4 d5 8. Nc3 Bb4 9. Qc2 O-O 10.
cxd5 exd5 11. Nb5 Ne4 12. O-O Qd7 13. Rfc1 Rac8 14. Rd1 h6 15. Rac1 Rfe8 16. h3 Bf8 17. Nfd4 Nb4 18. Qb1 c5 19. Bg4 Qe7 20. Bxc8 Bxc8 21.
Nf3 Bf5 22. d3 Nxf2 23. Kxf2 Qxe3+ 24. Kg3 Nxd3 25. Rxd3 Bxd3 26. Qa1 Bxb5 27. axb5 Bd6+ 0-1

[Event "*** Titled Tuesday 3|2 Blitz"]
[Site "Chess.com"]
[Date "2015.02.24"]
[Round "1"]
[White "destroyer305"]
[Black "Inopov"]
[Result "0-1"]
[WhiteElo "2128"]
[BlackElo "2463"]
[TimeControl "180+2"]
[EndTime "11:05:36 PST"]
[Termination "Inopov won by resignation"]

1. e4 e6 2. d4 d5 3. Nc3 Nf6 4.
Bg5 dxe4 5. Nxe4 Be7 6. Bd3 a6 7. Nf3 b5 8. Qe2 Bb7 9. Bxf6 gxf6 10. O-O-O Nd7 11. Nc5 Bxc5 12. dxc5 Qe7 13. Be4 Bxe4 14. Qxe4 O-O 15. c6 Nb6 16. Qh4 Kh8 17. Rd4 Rg8 18. g3 Nc4 19. Nd2 Ne5 20. Re1 Nxc6 21. Rf4 Rg6 22. Ne4 f5 23. Nc5 Qxc5 0-1

[Event "*** Titled Tuesday 3|2 Blitz"]
[Site "Chess.com"]
[Date "2015.02.24"]
[Round "1"]
[White "facu57"]
[Black "VSERGUEI"]
[Result "0-1"]
[WhiteElo "2065"]
[BlackElo "2451"]
[TimeControl "180+2"]
[EndTime "11:05:39 PST"]
[Termination "VSERGUEI won by resignation"]

1. e4 e6 2. d4 d5 3. exd5 exd5 4. Nf3 Nc6 5. c3 Bd6 6. Bd3 Bg4 7. O-O Nge7 8. Re1 Qd7 9. Bg5 f6 10. Bh4 O-O-O 11.
Nbd2 g5 12. Bg3 Bxg3 13. hxg3 h5 14. Qc2 h4 15. gxh4 Bxf3 16. Nxf3 g4 17. Nd2 Rxh4 18.
Nf1 Rdh8 19. Ng3 f5 20. Qd2 Qd6 21. f4 gxf3 22. gxf3 Qxg3+ 0-1

[Event "*** Titled Tuesday 3|2 Blitz"]
[Site "Chess.com"]
[Date "2015.02.24"]
[Round "1"]
[White "GeorgMeier"]
[Black "raskolnnikov"]
[Result "1-0"]
[WhiteElo "2660"]
[BlackElo "2273"]
[TimeControl "180+2"]
[EndTime "11:05:57 PST"]
[Termination "GeorgMeier won by resignation"]

1. Nf3 Nf6 2. g3 g6 3. Bg2 Bg7 4. O-O d5 5. d4 O-O 6. Nbd2 c6 7. b3 Bf5 8. Bb2 Nbd7 9. c4 a5 10. a4 Ne4 11. e3 Nxd2 12. Nxd2 Nf6 13. Rc1 Ne4 14.
Qe2 Nxd2 15. Qxd2 Qd7 16. Ba3 Rfc8 17. Rfe1 Bh3 18. Bxh3 Qxh3 19. Bxe7 Qe6 20. Ba3 f5 21.
cxd5 Qxd5 22. Qd3 Kh8 23. Rc5 Qf7 24. Bb2 b6 25. Rc2 Qd5 26. e4 fxe4 27. Rxe4 Rd8 28.
Rce2 c5 29. Re7 Bxd4 30. Bxd4+ Qxd4 31. Qf3 Rf8 32. Qb7 h5 33. Rd7 Qf6 34. Qe4 Rad8 35. Rb7 Rd4 36. Qe3 Rd1+ 37. Re1 Qa1 38. Qh6+ 1-0

[Event "*** Titled Tuesday 3|2 Blitz"]
[Site "Chess.com"]
[Date "2015.02.24"]
[Round "1"]
[White "LuckyTiger"]
[Black "ViennaRocket"]
[Result "1-0"]
[WhiteElo "2543"]
[BlackElo "2210"]
[TimeControl "180+2"]
[EndTime "11:05:57 PST"]
[Termination "LuckyTiger won by resignation"]

1. e4 d5 2. exd5 Qxd5 3. Nc3 Qd6 4.
d4 Nf6 5. Nf3 a6 6. Bd3 Nc6 7.
O-O Bg4 8. Ne4 Nxe4 9. Bxe4 e6 10. Qd3 Rd8 11. Bg5 Be7 12. Bxe7 Qxe7 13. Bxc6+ bxc6 14. Ne5 Bf5 15. Qc4 Be4 16. Nxc6 Bxc6 17. Qxc6+ Qd7 18. Qxa6 Qxd4 19. Qc6+ Qd7 20. Qc5 Qd6 21. Qb5+ c6 22.
Qe2 O-O 23. a4 Qb4 24. b3 Rd2 25. Qe1 Qc3 26. a5 Ra8 27. a6 Rxc2 28. Qd1 Rd2 29. Qb1 Rd5 30. Rc1 Qd3 31. Qxd3 Rxd3 32. Rxc6 Kf8 33. b4 Rb3 34. Rb6 Ke7 35. b5 Kd7 36. g3 Ra7 37. Rd1+ Kc7 38. Rc6+ 1-0

[Event "*** Titled Tuesday 3|2 Blitz"]
[Site "Chess.com"]
[Date "2015.02.24"]
[Round "1"]
[White "MinhGTrAn"]
[Black "lukas_111111"]
[Result "1-0"]
[WhiteElo "2464"]
[BlackElo "2122"]
[TimeControl "180+2"]
[EndTime "11:06:06 PST"]
[Termination "MinhGTrAn won by resignation"]

1. d4 Nf6 2. Bg5 e6 3. e4 h6 4. Bxf6 Qxf6 5. Nc3 d6 6. Qd2 Nd7 7. f4 Qd8 8. O-O-O c5 9. Nf3 cxd4 10. Nxd4 a6 11. g3 Be7 12. Bh3 Nc5 13. Kb1 b5 14. Nc6 Qc7 15. Nxe7 Kxe7 16. Qd4 f6 17. f5 b4 18.
Qxb4 Rb8 19. Qd4 Qb6 20. b3 Nd7 21. fxe6 Qxd4 22. Rxd4 Nb6 23. Rhd1 Bxe6 24. Bxe6 Kxe6 25. Rxd6+ Kf7 26. Nd5 Nc4 27. Rxa6 Ne5 28. Ra7+ Kg6 29. Nf4+ Kh7 30. Rd6 Ra8 31. Rxa8 Rxa8 32. a4 1-0

[Event "*** Titled Tuesday 3|2 Blitz"]
[Site "Chess.com"]
[Date "2015.02.24"]
[Round "1"]
[White "EltajSafarli"]
[Black "GasconJR"]
[Result "1-0"]
[WhiteElo "2621"]
[BlackElo "2266"]
[TimeControl "180+2"]
[EndTime "11:06:19 PST"]
[Termination "EltajSafarli won by resignation"]

1. e4 e5 2. Nf3 Nc6 3. Bb5 Nf6 4. O-O Nxe4 5. d4 Nd6 6. dxe5 Nxb5 7. a4 d6 8. e6 fxe6 9. axb5 Ne7 10. Nc3 Nf5 11. Re1 Be7 12. Nd4 Nxd4 13. Qxd4 Bf6 14. Qd3 O-O 15.
Ne4 Be7 16. b3 d5 17. Nd2 Bf6 18. Ra2 Bd7 19. Nf3 Qe7 20. Ba3 Qf7 21. Bxf8 Qxf8 22. Qe3 b6 23. h3 Bxb5 24. Qxe6+ Qf7 25. Qf5 Bd7 26. Qf4 c5 27. Qd6 Bf5 28. Ne5 Bxe5 29. Rxe5 d4 30. Re7 Qf6 31. Qd5+ 1-0

[Event "*** Titled Tuesday 3|2 Blitz"]
[Site "Chess.com"]
[Date "2015.02.24"]
[Round "1"]
[White "igorkovalenko"]
[Black "Cantinflitas"]
[Result "1-0"]
[WhiteElo "2450"]
[BlackElo "2070"]
[TimeControl "180+2"]
[EndTime "11:06:31 PST"]
[Termination "igorkovalenko won by resignation"]

1. d3 c5 2. Nf3 e6 3. e4 Nc6 4.
Nbd2 Qc7 5. g3 Nge7 6. Bg2 Ng6 7. O-O h5 8. h4 b6 9. c3 Bb7 10. Re1 f6 11. a3 Be7 12. b4 a6 13. Bb2 Nd8 14. d4 Nf7 15. Qe2 Nh6 16. Nh2 Bd6 17.
Nc4 Be7 18. d5 Rc8 19. Rac1 e5 20. Qxh5 Kf7 21. Qe2 d6 22. Bh3 Nf8 23. Bxc8 Bxc8 24. Ne3 g5 25. hxg5 fxg5 26. Qf3+ Kg6 27. g4 Nh7 28.
Nf5 Rf8 29. Qh3 Ng8 30. f3 Nhf6 31. Nf1 Rf7 32. N1e3 Rh7 33. Qg3 Nh6 34. Kg2 Bf8 35. Rh1 Nxf5 36. gxf5+ Kg7 37. Qxg5+ Kh8 38. Qxf6+ Bg7 39.
Rxh7+ Kxh7 40. Qg6+ Kg8 41. f6 1-0

[Event "*** Titled Tuesday 3|2 Blitz"]
[Site "Chess.com"]
[Date "2015.02.24"]
[Round "1"]
[White "chito89"]
[Black "bsmail"]
[Result "1-0"]
[WhiteElo "2548"]
[BlackElo "2105"]
[TimeControl "180+2"]
[EndTime "11:06:35 PST"]
[Termination "chito89 won by resignation"]

1. e4 c5 2. Nf3 d6 3. c3 Nf6 4.
h3 Nc6 5. Bd3 g6 6. O-O Bg7 7.
Bc2 O-O 8. d4 cxd4 9. cxd4 Re8 10. Nc3 e5 11. d5 Nd4 12. Ba4 Bd7 13. Bxd7 Qxd7 14. Be3 Nxf3+ 15. Qxf3 b5 16. a3 a5 17. Bg5 Nh5 18. Rfc1 h6 19. Bd2 Rec8 20. Ne2 a4 21. Bb4 Nf6 22. Qd3 Ne8 23. Nc3 Rab8 24. Rc2 f5 25.
Rac1 Nf6 26. f3 fxe4 27. Nxe4 Nxe4 28. fxe4 Rxc2 29. Rxc2 Bf6 30. Rc6 Be7 31. Qc2 Kg7 32. Rc7 Qe8 33. Bxd6 1-0

[Event "*** Titled Tuesday 3|2 Blitz"]
[Site "Chess.com"]
[Date "2015.02.24"]
[Round "1"]
[White "Zvonokchess"]
[Black "AkshatChandra"]
[Result "1/2-1/2"]
[WhiteElo "2498"]
[BlackElo "2238"]
[TimeControl "180+2"]
[EndTime "11:06:51 PST"]
[Termination "Game drawn by agreement"]

1. e4 c5 2. d4 cxd4 3. c3 Nf6 4. e5 Nd5 5. Nf3 e6 6. cxd4 d6 7. Bc4 Be7 8. O-O O-O 9. Re1 b6 10. Bxd5 exd5 11. Nc3 Be6 12. Bf4 Nc6 13. Rc1 dxe5 14. Nxe5 Nxe5 15. Bxe5 Qd7 16. Qf3 Rac8 17. Qg3 f6 18. Bf4 Bb4 19. h3 Rfe8 20. a3 Bxc3 21. Rxc3 Rxc3 22. Qxc3 Bf5 23. Rxe8+ Qxe8 24. Kh2 h6 25.
Bg3 Qd7 26. Qc7 Qxc7 27. Bxc7 Kf7 28. g4 Bd3 29. Kg3 g5 30. f4 Kg6 31. f5+ Kf7 32. h4 Be2 33. hxg5 hxg5 34. Bb8 a6 35. Bc7 b5 36. Bd6 Bd1 37. Bc7 Be2 38. Bd8 Bd1 39.
Bc7 Be2 40. Bd8 Bd1 41. Bc7 Be2 42. Bd8 Bd1 43. Bc7 Be2 44. Bd8 Bd1 45. Bc7 Be2 46.
Bd8 Bd1 47. Bc7 Be2 48. Bd8 Bd1 49. Bc7 Be2 50. Ba5 Bd1 51. Bb4 Be2 52. Bd6 Bd1 53. Bc5 Be2 54. Bb6 Bd1 55. Bd8 Be2 56. Bc7 Bd1 57.
Bd6 Be2 58. Bb4 Bd1 59. Bc5 Be2 60. Bd6 Bd1 61. Bc7 Be2 62. Ba5 Bd1 63. Bb4 Be2 64.
Bd2 Bd1 65. Be1 Be2 66. Bd2 Bd1 67. Bc3 Be2 68. Bb4 1/2-1/2

[Event "*** Titled Tuesday 3|2 Blitz"]
[Site "Chess.com"]
[Date "2015.02.24"]
[Round "1"]
[White "Carolina-moon"]
[Black "SuPeR_Fm"]
[Result "0-1"]
[WhiteElo "1943"]
[BlackElo "2354"]
[TimeControl "180+2"]
[EndTime "11:07:00 PST"]
[Termination "SuPeR_Fm won by resignation"]

1. e4 e6 2. d4 d5 3. Nd2 Nf6 4.
e5 Ne4 5. c3 c5 6. Bd3 Nxd2 7.
Bxd2 Nc6 8. Nf3 Qb6 9. O-O cxd4 10. cxd4 Nxd4 11. Nxd4 Qxd4 12. Bc3 Qb6 13. Kh1 Bd7 14. a4 Bb4 15. Bxb4 Qxb4 16. Qh5 h6 17. f4 O-O 18. Rf3 f5 19. exf6 Rxf6 20. Raf1 Raf8 21. b3 Rxf4 22. Qg6 Rxf3 23. Qh7+ Kf7 24. Rxf3+ Ke8 25. Qg6+ Kd8 26. Qxg7 Qe1+ 27. Bf1 Qxf1+ 0-1

[Event "*** Titled Tuesday 3|2 Blitz"]
[Site "Chess.com"]
[Date "2015.02.24"]
[Round "1"]
[White "CraiggoryC"]
[Black "lorcho"]
[Result "0-1"]
[WhiteElo "1982"]
[BlackElo "2367"]
[TimeControl "180+2"]
[EndTime "11:07:05 PST"]
[Termination "lorcho won by resignation"]

1. e4 c6 2. d4 d5 3. e5 c5 4. c3 Nc6 5. Nf3 Bg4 6. dxc5 Nxe5 7. Bb5+ Nc6 8. Qa4 Bd7 9. O-O a6 10. Bxc6 Bxc6 11. Qh4 e6 12. Qxd8+ Rxd8 13. b4 g6 14. Bf4 Bg7 15. Be5 f6 16. Bd6 Nh6 17. Nd4 Kf7 18.
Nxc6 bxc6 19. Nd2 Rd7 20. Nb3 e5 21. f4 e4 22. Nd4 Rc8 23. f5 gxf5 24. Nxf5 Nxf5 25.
Rxf5 Ke6 26. Raf1 a5 27. a3 axb4 28. axb4 Ra8 29. Rh5 Bh8 30. g4 Ra3 31. Rh3 Rg7 32. Rg3 h5 33. gxh5 Rxg3+ 34. hxg3 Rxc3 35. h6 d4 36. Kg2 Rc2+ 37. Kh3 f5 38. Bf8 d3 39. Bg7 Bxg7 40.
hxg7 Kf7 41. Rxf5+ Kxg7 42. Kg4 d2 43. Rg5+ Kf6 44.
Rf5+ Ke6 45. Kf4 d1=Q 46. Re5+ Kd7 0-1

[Event "*** Titled Tuesday 3|2 Blitz"]
[Site "Chess.com"]
[Date "2015.02.24"]
[Round "1"]
[White "pedromartinez91"]
[Black "Ar4uha"]
[Result "1-0"]
[WhiteElo "2114"]
[BlackElo "2443"]
[TimeControl "180+2"]
[EndTime "11:07:09 PST"]
[Termination "pedromartinez91 won by checkmate"]

1. e4 d5 2. exd5 Nf6 3. Bb5+ Bd7 4. Bc4 Bg4 5. f3 Bf5 6. Nc3 Nbd7 7. Qe2 Nb6 8. Bb3 g6 9. g4 Bc8 10. a4 Nbxd5 11.
g5 Nxc3 12. dxc3 Nh5 13. Be3 c6 14. Bd4 Bg7 15. O-O-O Bxd4 16. Rxd4 Qa5 17. f4 O-O 18. Qxe7 Bg4 19. Ne2 Ng7 20. Ng3 Rae8 21. Qxb7 c5 22. Re4 Bf3 23. Bxf7+ Rxf7 24. Rxe8+ Nxe8 25. Qxf3 Qxa4 26.
Kb1 Qxf4 27. Qd5 Qd6 28. Qc4 Kg7 29. Re1 Nc7 30. Ne4 Qf4 31. Qxc5 Ne6 32. Qd5 Qf5 33.
c4 Nf4 34. Qd4+ Kg8 35. Nf6+ Kf8 36. Re8+ Kg7 37. Rg8# 1-0

[Event "*** Titled Tuesday 3|2 Blitz"]
[Site "Chess.com"]
[Date "2015.02.24"]
[Round "1"]
[White "petrpalachev"]
[Black "PauloCesarCosta"]
[Result "1-0"]
[WhiteElo "2393"]
[BlackElo "2038"]
[TimeControl "180+2"]
[EndTime "11:07:09 PST"]
[Termination "petrpalachev won on time"]

1. d4 d5 2. c4 c6 3. Nf3 e6 4. e3 Nf6 5. Nc3 Nbd7 6. Bd3 dxc4 7. Bxc4 b5 8. Bd3 Bb7 9. O-O a6 10. e4 Be7 11. e5 Nd5 12. Nxd5 cxd5 13. a4 b4 14. a5 O-O 15. Bd2 Bc6 16. Qe2 Nb8 17.
b3 Qd7 18. Rfc1 Bb5 19. Bxb5 Qxb5 20. Qxb5 axb5 21. Rc7 Re8 22. Rb7 Nc6 23. Rxb5 Reb8 24. Rxb8+ Nxb8 25. Rc1 Na6 26. Rc6 Kf8 27. Ne1 Ke8 28.
Nd3 Kd7 29. Rb6 Ra7 30. g3 h6 31. h4 h5 32. Kg2 g6 33. Kf3 Bd8 34. Rxa6 Rxa6 35.
Nc5+ Kc6 36. Nxa6 Kb5 37. Nc5 Bxa5 38. Bg5 Kc6 39. Be7 Kb5 40. Kf4 Bc7 41. Kg5 Ba5 42. Kf6 1-0

[Event "*** Titled Tuesday 3|2 Blitz"]
[Site "Chess.com"]
[Date "2015.02.24"]
[Round "1"]
[White "VovAn1991"]
[Black "gumersindo"]
[Result "1/2-1/2"]
[WhiteElo "2453"]
[BlackElo "2111"]
[TimeControl "180+2"]
[EndTime "11:07:10 PST"]
[Termination "Game drawn by agreement"]

1. e4 e5 2. Nf3 Nc6 3. Bc4 Bc5 4. O-O Nf6 5. d3 h6 6. a3 d6 7. h3 O-O 8. Nc3 Be6 9. Nd5 Nb8 10. b4 Bb6 11. a4 c6 12. Nxb6 axb6 13. Bxe6 fxe6 14. Be3 Nbd7 15. Re1 Qe8 16. d4 Nxe4 17. dxe5 d5 18. Bd4 c5 19. bxc5 bxc5 20. Bb2 Qg6 21. a5 Rxf3 22. Qxf3 Rf8 23. Qg4 Qxg4 24. hxg4 Nxf2 25. a6 bxa6 26. Rxa6 Nxg4 27. Rxe6 d4 28. Re7 Nb6 29. Ba3 Nd5 30. Rd7 Nde3 31. Bxc5 Rf2 32. Rd8+ Kh7 33. Rxe3 dxe3 34. Bxe3 Rxc2 35. e6 Re2 36. Bd2 Rxe6 37. Rd7 Ne5 38. Rb7 Rg6 39. Bc3 Ng4 40. g3 h5 41. Kg2 Ne3+ 42. Kf3 Nf5 43. Be5 h4 44. gxh4 Nxh4+ 1/2-1/2

[Event "*** Titled Tuesday 3|2 Blitz"]
[Site "Chess.com"]
[Date "2015.02.24"]
[Round "1"]
[White "Hikaru"]
[Black "LADIESGET2KNOWME"]
[Result "1-0"]
[WhiteElo "2851"]
[BlackElo "2302"]
[TimeControl "180+2"]
[EndTime "11:07:11 PST"]
[Termination "Hikaru won on time"]

1. e3 e5 2. b3 Nc6 3. Bb2 f5 4. Bb5 d6 5. d4 Bd7 6. Bxc6 Bxc6 7. Nf3 e4 8. Nfd2 Nf6 9. c4 d5 10. Nc3 Bb4 11. Qc1 O-O 12. Ba3 a5 13. Ne2 Qe7 14.
Bxb4 axb4 15. O-O Ra6 16. Qc2 Rfa8 17. Rfc1 g5 18. Nf1 Qe6 19. Qd2 dxc4 20. bxc4 b3 21.
d5 Qe5 22. Nd4 Rxa2 23. Rxa2 bxa2 24. Ra1 Bd7 25. Rxa2 Rxa2 26. Qxa2 b6 27. Qa8+ Kg7 28. Qd8 f4 29. h4 gxh4 30. Ne6+ Bxe6 31. dxe6 Qxe6 32. Qxc7+ Kg6 33. exf4 Ng4 34. Qd8 h6 35. Qxh4 Nf6 36. Ne3 Qd6 37. Qxh6+ 1-0

[Event "*** Titled Tuesday 3|2 Blitz"]
[Site "Chess.com"]
[Date "2015.02.24"]
[Round "1"]
[White "GMHess"]
[Black "xtremeungar"]
[Result "1-0"]
[WhiteElo "2488"]
[BlackElo "2169"]
[TimeControl "180+2"]
[EndTime "11:07:19 PST"]
[Termination "GMHess won by resignation"]

1. b3 d5 2. Bb2 c5 3. Nf3 Nc6 4.
e3 a6 5. c4 d4 6. exd4 cxd4 7. b4 e5 8. b5 axb5 9. cxb5 Nb4 10. a3 Nd5 11. Bc4 f6 12. Nxe5 fxe5 13. Qh5+ g6 14. Qxe5+ Qe7 15. Bxd4 Ndf6 16. O-O Qxe5 17. Bxe5 Bg7 18. Nc3 Ne7 19. Rfe1 Kd8 20. Ne4 Rf8 21. Ng5 Nh5 22. Nxh7 Bxe5 23. Rxe5 Rf4 24. d3 Bf5 25. Rae1 Nc8 26. g3 Rd4 27.
Ng5 Kc7 28. Rxf5 gxf5 29. Ne6+ Kd6 30. Nxd4 Rxa3 31. Nxf5+ Kc5 32. Re5+ Kb4 33. Ne3 Nf6 34. Nc2+ 1-0

[Event "*** Titled Tuesday 3|2 Blitz"]
[Site "Chess.com"]
[Date "2015.02.24"]
[Round "1"]
[White "rhungaski"]
[Black "gawk"]
[Result "1-0"]
[WhiteElo "2433"]
[BlackElo "2048"]
[TimeControl "180+2"]
[EndTime "11:07:19 PST"]
[Termination "rhungaski won by resignation"]

1. d4 Nf6 2. c4 e6 3. Nf3 Bb4+ 4. Nc3 O-O 5. Bg5 h6 6. Bh4 g5 7. Bg3 Ne4 8. Qc2 f5 9. h4 Nxg3 10. fxg3 d6 11. hxg5 hxg5 12. O-O-O g4 13. Nh4 Nc6 14. Kb1 Qg5 15. d5 Ne5 16. Nb5 Ba5 17. Nd4 exd5 18.
cxd5 Bb6 19. e4 Bxd4 20. Rxd4 f4 21. gxf4 Rxf4 22. Qxc7 Qf6 23. Rd1 Bd7 24. Be2 Rf2 25.
Rdf1 Rc8 26. Qxb7 Rc2 27. Kxc2 1-0

[Event "*** Titled Tuesday 3|2 Blitz"]
[Site "Chess.com"]
[Date "2015.02.24"]
[Round "1"]
[White "juniortay"]
[Black "Zlatan56"]
[Result "0-1"]
[WhiteElo "2223"]
[BlackElo "2603"]
[TimeControl "180+2"]
[EndTime "11:07:21 PST"]
[Termination "Zlatan56 won by checkmate"]

1. e4 d5 2. exd5 Qxd5 3. Nf3 Bg4 4. Be2 Nc6 5. c4 Qf5 6. d4 O-O-O 7. O-O e6 8. Be3 Nf6 9. Nc3 Bc5 10. Qb3 Bd6 11. c5 Bf4 12. Rae1 h5 13. Nb5 Nd5 14. Bd3 Qf6 15.
Bxf4 Bxf3 16. Be3 Bg4 17. Qa4 Kb8 18. b4 Bf5 19. Be2 g5 20. Nxa7 Nxa7 21. b5 Nc3 22.
Qa5 Nxe2+ 23. Rxe2 Bd3 24. Rfe1 Bxe2 25. Rxe2 Qf5 26. Rb2 Nc8 27. c6 Rd5 28. cxb7 Nb6 29. a4 Qd3 30. h3 g4 31. h4 g3 32. Qa6 Qd1# 0-1

[Event "*** Titled Tuesday 3|2 Blitz"]
[Site "Chess.com"]
[Date "2015.02.24"]
[Round "1"]
[White "Tilicheev_Viacheslav"]
[Black "kesarev"]
[Result "1/2-1/2"]
[WhiteElo "2551"]
[BlackElo "2243"]
[TimeControl "180+2"]
[EndTime "11:07:22 PST"]
[Termination "Game drawn by repetition"]

1. e4 g6 2. d4 Bg7 3. Nc3 c5 4.
Nf3 cxd4 5. Nxd4 Nc6 6. Be3 Nf6 7. Bc4 d6 8. Bb3 Bd7 9. f3 Rc8 10. Qd2 Ne5 11. O-O-O Nc4 12. Bxc4 Rxc4 13. h4 h5 14. Kb1 a6 15. Rhe1 b5 16. Bg5 O-O 17. Nb3 b4 18.
Nd5 Nxd5 19. exd5 Re8 20. Qe2 Bb5 21. Qe3 Qd7 22. Nd4 Rc5 23. Qe4 Bc4 24. Ne6 fxe6 25.
Qxg6 Qa4 26. b3 Qxa2+ 27. Kc1 Qb2+ 28. Kd2 Qc3+ 29. Kc1 Qb2+ 30. Kd2 Qc3+ 31. Kc1 Qb2+ 32. Kd2 1/2-1/2

[Event "*** Titled Tuesday 3|2 Blitz"]
[Site "Chess.com"]
[Date "2015.02.24"]
[Round "1"]
[White "manitodeplomo"]
[Black "Room_for_Squares64"]
[Result "1/2-1/2"]
[WhiteElo "2328"]
[BlackElo "1951"]
[TimeControl "180+2"]
[EndTime "11:07:23 PST"]
[Termination "Game drawn by repetition"]

1. d4 Nf6 2. c4 c5 3. d5 b5 4. Qc2 bxc4 5. e4 d6 6. Bxc4 g6 7.
Nc3 Bg7 8. Nf3 O-O 9. O-O Ba6 10. Nb5 Qb6 11. a4 Bxb5 12. axb5 a6 13. Bd2 Qb7 14. Bc3 axb5 15. Rxa8 Qxa8 16. Bxb5 Nbd7 17. h3 Rb8 18.
Bc6 Qa2 19. Re1 Nb6 20. Nd2 Nc4 21. Nxc4 Qxc4 22. Qb1 Nh5 23. e5 Nf4 24. Qe4 Qxe4 25. Rxe4 dxe5 26. Bxe5 Bxe5 27. Rxe5 Rxb2 28. Rxe7 Rd2 29.
Re4 Nxd5 30. Rc4 Nb4 31. Rxc5 Nxc6 32. Rxc6 Kg7 33. g3 h5 34. Kg2 Rb2 35. h4 Rd2 36. Rc3 Rb2 37. Rf3 Rd2 38. Rf4 Rd6 39. Rf3 Rd2 40. Rf4 Rd6 41. Rf3 Rd2 42. Rf4 1/2-1/2

[Event "*** Titled Tuesday 3|2 Blitz"]
[Site "Chess.com"]
[Date "2015.02.24"]
[Round "1"]
[White "FrankieJay"]
[Black "ChessTrener"]
[Result "1-0"]
[WhiteElo "2221"]
[BlackElo "2495"]
[TimeControl "180+2"]
[EndTime "11:07:29 PST"]
[Termination "FrankieJay won by resignation"]

1. e4 c5 2. Nf3 Nc6 3. d4 cxd4 4. Nxd4 g6 5. Nc3 Bg7 6. Be3 Nf6 7. Bc4 Qa5 8. O-O O-O 9. Bb3 d6 10. h3 Bd7 11.
Qd2 Nxd4 12. Qxd4 Bc6 13. Qd3 Rfc8 14. Rfe1 Nd7 15. Bd4 Nc5 16. Qc4 Nxb3 17. axb3 Qg5 18. Bxg7 Kxg7 19. Rxa7 Bd7 20. Qd4+ e5 21. Qb6 Bxh3 22.
g3 Rxa7 23. Qxa7 b5 24. Nxb5 Qf6 25. Kh2 Rxc2 26. Kxh3 Rxf2 27. Nxd6 Qe6+ 28. Nf5+ gxf5 29.
Qxf2 f4+ 30. Kg2 Qg6 31. Qf3 h5 32. Rh1 Qc6 33. Rxh5 Qc2+ 34. Kh3 Qb1 35. Qg4+ Kf8 36. Rh8+ Ke7 37. Qg5+ Kd6 38. Qf6+ Kc7 39. Qxe5+ 1-0

[Event "*** Titled Tuesday 3|2 Blitz"]
[Site "Chess.com"]
[Date "2015.02.24"]
[Round "1"]
[White "LyonBeast"]
[Black "iFrancisco"]
[Result "1-0"]
[WhiteElo "2754"]
[BlackElo "2296"]
[TimeControl "180+2"]
[EndTime "11:07:32 PST"]
[Termination "LyonBeast won by resignation"]

1. e4 e5 2. Nf3 Nc6 3. Bb5 a6 4. Ba4 Nf6 5. O-O Nxe4 6. d4 b5 7. Bb3 d5 8. dxe5 Be6 9. Be3 Bc5 10. Qe2 O-O 11. Rd1 Re8 12. Nbd2 Nxd2 13. Rxd2 Bxe3 14.
Qxe3 Ne7 15. Qc5 Qd7 16. Nd4 Ng6 17. Re1 Ne7 18. c3 h6 19. Bc2 Rad8 20. b4 Rc8 21. h3 c6 22. Kh2 Nf5 23. f4 Nxd4 24. cxd4 Bf5 25. g4 Bxc2 26. Rxc2 h5 27. Kg3 f5 28.
gxh5 Qf7 29. Kh4 Re6 30. Rg2 Kh8 31. Rg5 Rg8 32. Reg1 Rh6 33. Qc2 g6 34. Qxc6 Qh7 35. Qf6+ Rg7 36. Kg3 Rxh5 37. Rxh5 Qxh5 38. Qh4 Qxh4+ 39.
Kxh4 Rc7 40. Rxg6 1-0